 Dungeon Crawl Stone Soup version 0.27.1-35-g4d5d836560 (webtiles) character file.

Game seed: 886267193882175155

1624 Delamore the Slicer (level 8, -9/51 HPs)
             Began as an Octopode Brigand on May 2, 2022.
             Mangled by a wraith (10 damage)
             ... on level 5 of the Dungeon.
             The game lasted 00:06:38 (6422 turns).

Delamore the Slicer (Octopode Brigand)              Turns: 6422, Time: 00:06:39

Health: -9/51      AC:  1    Str: 10    XL:     8   Next: 97%
Magic:  8/8        EV: 13    Int: 13    God:
Gold:   248        SH:  0    Dex: 16    Spells: 7/7 levels left

rFire    . . .     SeeInvis .   s - +0 short sword (speed)
rCold    . . .     Faith    .   (no shield)
rNeg     . . .     Spirit   .   (helmet restricted)
rPois    .         Reflect  .   (no amulet)
rElec    .         Harm     .   d - +4 ring of slaying
rCorr    .         Rampage  .   c - ring of wizardry
Will     .....                  (no ring)
Stlth    ++++......             (no ring)
HPRegen  0.17/turn              (no ring)
MPRegen  0.11/turn              (no ring)
                                (no ring)
                                (no ring)

@: slowed, very slow
A: almost no armour, amphibious, 8 rings, camouflage 1, gelatinous body 1,
(nimble swimmer 1), tentacles
a: no special abilities


You were on level 5 of the Dungeon.
You visited 1 branch of the dungeon, and saw 5 of its levels.

You collected 248 gold pieces.

Inventory:

Hand Weapons
 a - a +2 dagger
 s - a +0 short sword of speed (weapon)
 v - a +0 vampiric short sword
Missiles
 b - 14 poisoned darts (quivered)
 t - 198 stones
Jewellery
 c - a ring of wizardry (right tentacle)
 d - a +4 ring of slaying (left tentacle)
Scrolls
 g - 4 scrolls of torment
 h - 2 scrolls of fear
 j - 2 scrolls of teleportation
 l - 2 scrolls of noise
 n - a scroll of fog
 p - a scroll of enchant armour {unknown}
 q - a scroll of amnesia {unknown}
 u - a scroll of immolation {unknown}
Potions
 e - a potion of flight {unknown}
 f - a potion of curing {unknown}
 i - a potion of invisibility {unknown}
 k - a potion of magic {unknown}
 m - a potion of brilliance {unknown}
 r - a potion of degeneration {unknown}
 w - a potion of heal wounds {unknown}
 x - a potion of berserk rage {unknown}
 z - a potion of might {unknown}


   Skills:
 + Level 2.6 Fighting
 + Level 10.1 Short Blades
 - Level 4.0 Throwing
 + Level 1.9 Dodging
 - Level 5.9 Stealth


You had 7 spell levels left.
You didn't know any spells.
Your spell library contained the following spells:

 Spells                   Type           Power      Damage    Failure   Level
 Blink                    Tloc           N/A        N/A       19%         2
 Lesser Beckoning         Tloc           0%         N/A       34%         3
 Tukima's Dance           Hex            0%         N/A       34%         3
 Passage of Golubria      Tloc           N/A        N/A       73%         4
 Manifold Assault         Tloc           0%         N/A       96%         5
 Yara's Violent Unravell  Hex/Tmut       0%         3d3       96%         5


Dungeon Overview and Level Annotations

Branches:
Dungeon (5/15)
 Temple: D:4-7

Altars:
Cheibriados
Dithmenos
Fedhas
Kikubaaqudgha
Okawaru
Wu Jian

Annotations:
D:4 1 runed translucent door, TheNamelessOne's ghost, novice DDTm


Innate Abilities, Weirdness & Mutations

You cannot wear most types of armour.
You are amphibious.
You can wear up to eight rings at the same time.
Your skin changes colour to match your surroundings (Stealth+).
Your rubbery body absorbs attacks. (AC +1, EV +1)
((You are camouflaged near water. (Stealth+)))
You have tentacles for arms and can constrict up to eight enemies at once.


Message History

You hit the wraith but do no damage. Your squeeze misses the wraith.
The wraith is moderately damaged.
The wraith hits you! The wraith drains your vigour!
You feel as though you will be slow longer.
You hit the wraith but do no damage.
The wraith is moderately damaged.
You hit the wraith but do no damage. You squeeze the wraith.
The wraith is moderately damaged.
The wraith hits you! The wraith drains your vigour!
You feel as though you will be slow longer.
You are too injured to fight recklessly!
You are too injured to fight recklessly!
You hit the wraith but do no damage. You squeeze the wraith!
The wraith is heavily damaged.
You hit the wraith but do no damage.
The wraith is heavily damaged.
The wraith hits you!
* * * LOW HITPOINT WARNING * * *
The wraith drains your vigour!
You feel as though you will be slow longer.
You barely miss the wraith. You squeeze the wraith.
The wraith is severely damaged.
You hit the wraith but do no damage. Your squeeze misses the wraith.
The wraith is severely damaged.
The wraith closely misses you.
You barely miss the wraith.
The wraith is severely damaged.
The wraith misses you.
You barely miss the wraith.
The wraith is severely damaged.
You closely miss the wraith.
The wraith is severely damaged.
The wraith hits you!
* * * LOW HITPOINT WARNING * * *
The wraith drains your vigour!
You feel as though you will be slow longer.
Okay, then.
As you read the scroll of summoning, it crumbles to dust.
Wisps of shadow whirl around you... The wraith hits you!
You die...

!.....###...#
.......#....## #####
.............######...##
........................
..................#####.
.................## ##
.>....h.........## #
.................##
......Z@######....#
...<....W# ###..##
........#.# ##..### #
........##.# ##...###
......... #.# ##.....
#######.. ### ##.... ###
##.## #.... #### #...##
##... #..####...## #....


You could see a wraith (ally target), a friendly howler monkey (summoned) and a
friendly hound zombie (summoned).

Vanquished Creatures
  Sigmund (D:5)
  A wyvern (D:4)
  A black bear (D:5)
  2 ogres
  A centaur (D:5)
  A phantom (D:5)
  A wyvern zombie (D:4)
  2 scorpions (D:5)
  A water moccasin skeleton (D:4)
  2 hounds
  3 jellies
  Terence (D:2)
  A bullfrog skeleton (D:4)
  3 iguanas
  4 orc wizards (D:4)
  Ijyb (D:4)
  Natasha (thrice) (D:2)
  A hound skeleton (D:4)
  Robin (D:3)
  3 adders
  3 gnolls
  A white imp (D:5)
  3 ufetubi (D:4)
  3 worms
  2 dart slugs (D:4)
  6 orcs
  8 bats
  4 endoplasms
  4 giant cockroaches
  10 hobgoblins
  4 jackals (D:4)
  6 kobolds
  3 quokkas
  9 ball pythons
  5 frilled lizards
  17 goblins
  6 rats
128 creatures vanquished.

Notes
Turn   | Place    | Note
-------+----------+-------------------------------------------
     0 | D:1      | Delamore the Octopode Brigand began the quest for the Orb.
     0 | D:1      | Reached XP level 1. HP: 14/14 MP: 1/1
   151 | D:1      | Reached XP level 2. HP: 5/19 MP: 2/2
   736 | D:1      | Found a faded altar of an unknown god.
   760 | D:1      | Reached skill level 3 in Short Blades
   776 | D:1      | Reached XP level 3. HP: 10/24 MP: 3/3
  1613 | D:2      | Found a shadowy altar of Dithmenos.
  1735 | D:2      | Noticed Terence
  1742 | D:2      | Killed Terence
  1743 | D:2      | Reached XP level 4. HP: 29/29 MP: 4/4
  1927 | D:2      | Noticed Natasha
  1935 | D:2      | Killed Natasha
  1936 | D:2      | Reached skill level 4 in Short Blades
  1946 | D:2      | Noticed Natasha
  1954 | D:2      | Killed Natasha
  1955 | D:2      | Reached XP level 5. HP: 21/34 MP: 5/5
  1960 | D:2      | Noticed Natasha
  1968 | D:2      | Killed Natasha
  2543 | D:3      | Noticed Robin
  2546 | D:3      | Killed Robin
  2947 | D:3      | Reached skill level 5 in Short Blades
  3060 | D:3      | Reached XP level 6. HP: 39/39 MP: 6/6
  3176 | D:3      | Found a shadowy altar of Dithmenos.
  3200 | D:3      | Found a snail-covered altar of Cheibriados.
  3426 | D:3      | Found an ornate altar of the Wu Jian Council.
  3639 | D:4      | Noticed a wyvern
  4015 | D:4      | Killed a wyvern
  4016 | D:4      | Reached skill level 6 in Short Blades
  4016 | D:4      | Reached XP level 7. HP: 14/45 MP: 7/7
  4431 | D:4      | Reached skill level 7 in Short Blades
  4551 | D:4      | Noticed Ijyb
  4557 | D:4      | Killed Ijyb
  4730 | D:4      | Reached skill level 8 in Short Blades
  4730 | D:4      | Reached XP level 8. HP: 50/50 MP: 8/8
  4901 | D:4      | Found a blossoming altar of Fedhas.
  4953 | D:4      | Found a runed translucent door.
  4959 | D:4      | Noticed TheNamelessOne's ghost (novice DDTm)
  5067 | D:5      | Entered Level 5 of the Dungeon
  5069 | D:5      | Noticed Sigmund
  5183 | D:5      | Found an iron altar of Okawaru.
  5191 | D:5      | Found an ancient bone altar of Kikubaaqudgha.
  5376 | D:5      | Killed Sigmund
  5553 | D:5      | Reached skill level 9 in Short Blades
  6168 | D:5      | Reached skill level 10 in Short Blades
  6406 | D:5      | Noticed a wraith
  6421 | D:5      | HP: 1/51 [wraith (9)]
  6422 | D:5      | Mangled by a wraith

Illustrated notes

Levels and vault maps discovered:
D:1:      psy_arrival_basics, layout_basic, hellmonk_ecumenical_altar_zigzags,
          minmay_misc_feat_alley, amcnicky_mini_corridor_feature
D:2:      layout_rooms, basic_altar, uniq_terence, uniq_natasha
D:3:      layout_basic, mainiacjoe_overflow_large_starburst,
          nzn_wu_jian_contemplation, uniq_robin
D:4:      minmay_clustersquares, layout_basic, mainiacjoe_overflow_tiny_flanked,
          ebering_ghost_sewer_d, uniq_ijyb
D:5:      layout_layer_cave, okawaru_ov_weapons_minmay,
          mainiacjoe_overflow_brackets, amethyst_killhole, uniq_sigmund

Skill      XL: |  1  2  3  4  5  6  7  8 |
---------------+-------------------------+-----
Short Blades   | 3 4 5 6 8 10 | 10.1
Throwing       | 3 4 |  4.0
Fighting       | |  2.6
Dodging        | |  1.9
Stealth        | |  5.9

Action                   |  1- 3 |  4- 6 |  7- 9 || total
-------------------------+-------+-------+-------++-------
Melee: Dagger            |    63 |    91 |    21 ||   175
       Constrict         |    19 |    25 |    17 ||    61
       Tentacles         |    11 |    19 |    26 ||    56
       Short sword       |       |       |    84 ||    84
Throw: Dart              |     4 |    23 |    12 ||    39
       Stone             |       |       |     1 ||     1
  Use: Scroll            |       |     5 |     2 ||     7
 Stab: Sleeping          |     9 |     6 |    10 ||    25
       Distracted        |       |       |     2 ||     2
Armor: Skin              |     8 |     4 |     3 ||    15
Dodge: Dodged            |    28 |    27 |    28 ||    83
